 Dungeon Crawl Stone Soup version 0.30.0-10-gfe55d96785 (webtiles) character file.

Game seed: 13687779849917773894

174 voltaire321 the Trooper (level 5, -2/47 HPs)
             Began as a Hill Orc Fighter on May 13, 2023.
             Slain by Grinder (5 damage)
             ... on level 4 of the Dungeon.
             The game lasted 00:04:20 (3088 turns).

voltaire321 the Trooper (Hill Orc Fighter)          Turns: 3088, Time: 00:04:20

Health: -2/47      AC: 10    Str: 19    XL:     5   Next: 54%
Magic:  5/5        EV:  9    Int: 10    God:
Gold:   154        SH:  4    Dex: 10    Spells: 4/4 levels left

rFire   . . .        a - +0 war axe
rCold   . . .        c - +0 buckler
rNeg    . . .        b - +0 scale mail
rPois   .            (no helmet)
rElec   .            (no cloak)
rCorr   .            (no gloves)
SInv    .            o - +2 pair of boots {rampage}
Will    .....        (no amulet) Stlth
                     (no ring)
HPRegen 0.27/turn    (no ring)
MPRegen 0.09/turn

%: rampage
@: no status effects
A: no striking features
a: no special abilities


You were on level 4 of the Dungeon.
You visited 1 branch of the dungeon, and saw 4 of its levels.

You collected 154 gold pieces.

Inventory:

Hand Weapons
 a - a +0 war axe (weapon)
Armour
 b - a +0 scale mail (worn)
 c - a +0 buckler (worn)
 o - a +2 pair of boots of rampaging (worn)
Jewellery
 n - a ring of ice
Scrolls
 e - a scroll of fear {unknown}
 f - a scroll of silence {unknown}
 g - 3 scrolls of identify {unknown}
 h - 2 scrolls of teleportation {unknown}
 j - a scroll of torment {unknown}
 m - 2 scrolls of noise {unknown}
Potions
 d - 2 potions of might
 i - a potion of haste {unknown}
 k - a potion of mutation {unknown}
 l - 2 potions of cancellation {unknown}


   Skills:
 + Level 4.5 Fighting
 + Level 4.0 Axes
 + Level 4.2 Armour
 + Level 1.5 Dodging
 + Level 4.1 Shields


You had 4 spell levels left.
You didn't know any spells.
Your spell library contained the following spells:

 Spells                   Type           Power      Damage    Failure   Level
 Necrotise                Necr           0%         1d4       80%         1
 Dazzling Flash           Conj/Hex       0%         N/A       99%         3
 Vampiric Draining        Necr           0%         2d6       99%         3
 Volatile Blastmotes      Fire/Tloc      0%         2d10      99%         3
 Iskenderun's Mystic Bla  Conj/Tloc      0%         2d3       100%        4
 Agony                    Necr           0%         N/A       100%        5
 Starburst                Conj/Fire      0%         6d3       100%        6


Dungeon Overview and Level Annotations

Branches:
Dungeon (4/15)
 Temple: D:4-7

Altars:
Dithmenos
Hepliaklqana
Wu Jian

Annotations:
D:3 1 runed translucent door, Crazy Yiuf
D:4 Grinder


Message History

You kill the orc!
Grinder says, "Don't move a muscle."
Grinder gestures at you. Pain shoots through your body!
You block the orc's attack. The orc hits you with a +0 club.
Your Axes skill increases to level 4!
You hit Grinder.
Grinder is lightly wounded.
You hit the orc. Grinder barely misses you.
The orc hits you but does no damage.
You closely miss Grinder.
Grinder is lightly wounded.
You closely miss the orc. The orc barely misses you. Grinder barely misses you.
You closely miss Grinder. You closely miss the goblin. You hit the orc.
The orc hits you with a +0 club. The goblin hits you but does no damage.
Grinder blinks!
You rampage towards Grinder!
You closely miss Grinder. Grinder completely misses you.
The orc hits you but does no damage. Grinder gestures at you.
Pain shoots through your body!
You closely miss Grinder. You completely miss the orc.
The orc hits you but does no damage.
Grinder blinks!
Grinder blinks!
You hit Grinder but do no damage. You hit the orc.
The orc hits you but does no damage. Grinder closely misses you.
You hit Grinder.
Grinder is lightly wounded.
You hit the goblin.
You kill the goblin!
You hit the orc.
You kill the orc!
Grinder hits you.
* * * LOW HITPOINT WARNING * * *
You writhe in agony.
* * * LOW HITPOINT WARNING * * *
Grinder hits you.
* * * LOW HITPOINT WARNING * * *
You writhe in agony.
You die...

####§ ###..############
#§#._...........#
###..####.......# .
####§#........# ...
#§###........# ....###
#...###### ......)##)..##
......†..)@..##
......)##5....###########
........'................
.......##...###...######
# ####### #...# ###...###
# .....# ###...### #
......# ###...###
.......# #........
....... #.......#


You could see Grinder.

Vanquished Creatures
  A hound (D:4)
  Terence (D:3)
  3 adders (D:2)
  A worm (D:2)
  3 dart slugs (D:1)
  5 orcs (D:4)
  6 ball pythons
  4 bats
  9 endoplasms
  4 giant cockroaches
  7 goblins
  9 hobgoblins
  4 jackals (D:1)
  5 kobolds
  4 quokkas
  7 frilled lizards
  4 rats
77 creatures vanquished.

Notes
Turn   | Place    | Note
-------+----------+-------------------------------------------
     0 | D:1      | voltaire321 the Hill Orc Fighter began the quest for the
                  | Orb.
     0 | D:1      | Reached XP level 1. HP: 19/19 MP: 1/1
    77 | D:1      | Reached XP level 2. HP: 25/27 MP: 2/2
   332 | D:1      | Reached XP level 3. HP: 33/33 MP: 3/3
   407 | D:1      | You fall into a shaft and drop 1 floor!
   600 | D:2      | Reached skill level 1 in Dodging
   815 | D:1      | Reached XP level 4. HP: 39/40 MP: 4/4
  1944 | D:3      | Noticed Terence
  1954 | D:3      | Killed Terence
  1955 | D:3      | Reached XP level 5. HP: 13/47 MP: 5/5
  2087 | D:3      | Found a hazy altar of Hepliaklqana.
  2088 | D:3      | Found a shadowy altar of Dithmenos.
  2088 | D:3      | Noticed a shadow
  2304 | D:3      | Found a runed translucent door.
  2305 | D:3      | Noticed Crazy Yiuf
  2546 | D:3      | Found a faded altar of an unknown god.
  3057 | D:4      | Found an ornate altar of the Wu Jian Council.
  3073 | D:4      | Noticed Grinder
  3088 | D:4      | Slain by Grinder

Illustrated notes

Levels and vault maps discovered:
D:1:      sevenhm_arrival_forest_fort_small_4, layout_basic
D:2:      layout_loops_ring, serial_bayou, serial_bayou_lagoon_a,
          serial_bayou_pond_c, serial_bayou_crossing, serial_bayou_shore_b,
          chequers_decorated_corner, minivault_25, minmay_pentomino_z4
D:3:      layout_loops_ring, riverfiend_overflow_shadow_ancestor,
          basic_ecumenical_altar, uniq_crazy_yiuf_cottage, uniq_terence
D:4:      layout_basic, pdpol_wu_jian_five_deadly_venoms,
          minmay_goblin_kobold_house, uniq_blork_the_orc, uniq_grinder,
          uniq_menkaure

Skill      XL: |  1  2  3  4  5 |
---------------+----------------+-----
Axes           | 3 4 |  4.0
Fighting       | 4 |  4.5
Dodging        | 1 |  1.5
Armour         | 4 |  4.2
Shields        | 4 |  4.1

Action                     |  1- 3 |  4- 6 || total
---------------------------+-------+-------++-------
  Melee: War axe           |    91 |   112 ||   203
 Armour: Scale mail        |    70 |    57 ||   127
  Dodge: Dodged            |    52 |    55 ||   107
  Block: Buckler           |    19 |    23 ||    42
